 Dungeon Crawl Stone Soup version 0.28.0-47-ge53b351184 (webtiles) character file.

Game seed: 11215751120692716503

105 Peloso the Covered (level 4, -4/40 HPs)
             Began as a Minotaur Fighter on Apr 26, 2022.
             Slain by an orc warrior
             ... wielding a +0 war axe
              (7 damage)
             ... on level 2 of the Dungeon.
             The game lasted 00:02:31 (1415 turns).

Peloso the Covered (Minotaur Fighter)               Turns: 1415, Time: 00:02:32

Health: -4/40      AC:  9    Str: 21    XL:     4   Next: 53%
Magic:  3/3        EV:  7    Int:  5    God:
Gold:   102        SH:  4    Dex: 11    Spells: 3/3 levels left

rFire   . . .      SeeInvis .   b - +0 demon trident (flame)
rCold   . . .      Faith    .   c - +0 buckler
rNeg    . . .      Spirit   .   i - +0 chain mail
rPois   .          Reflect  .   (helmet restricted)
rElec   .          Harm     .   (no cloak)
rCorr   .          Rampage  .   (no gloves)
Will    .....                   (no boots)
Stlth   ..........              (no amulet)
HPRegen 0.13/turn               (no ring)
MPRegen 0.08/turn               (no ring)

@: no status effects
A: horns 2, retaliatory headbutt
a: no special abilities


You were on level 2 of the Dungeon.
You visited 1 branch of the dungeon, and saw 3 of its levels.

You collected 102 gold pieces.

Inventory:

Hand Weapons
 a - a +0 long sword
 b - a +0 demon trident of flaming (weapon)
Armour
 c - a +0 buckler (worn)
 g - a +0 scale mail
 i - a +0 chain mail (worn)
Scrolls
 f - a scroll of magic mapping {unknown}
 j - a scroll of vulnerability {unknown}
Potions
 d - a potion of might
 e - a potion of heal wounds {unknown}
 h - a potion of curing {unknown}


   Skills:
 + Level 4.1 Fighting
 + Level 4.0 Long Blades
 + Level 0.4 Polearms
 + Level 4.5 Armour
 + Level 0.3 Dodging
 + Level 0.1 Stealth
 + Level 4.3 Shields


You had 3 spell levels left.
You didn't know any spells.
Your spell library contained the following spells:

 Spells                   Type           Power      Damage    Failure   Level
 Dazzling Flash           Conj/Hex       0%         N/A       100%        3
 Agony                    Necr           0%         N/A       100%        5
 Silence                  Hex/Air        0%         N/A       100%        5


Dungeon Overview and Level Annotations

Branches:
Dungeon (3/15)

Altars:


Innate Abilities, Weirdness & Mutations

You have a pair of horns on your head.
You reflexively headbutt those who attack you in melee.


Message History

You start resting.
HP restored.
You climb downwards.
The orc warrior barely misses you. You furiously retaliate!
You headbutt the orc warrior!
There is a stone staircase leading up here.
The orc warrior hits you but does no damage.
The orc wizard points at you and mumbles some strange words.
The puff of flame hits you.
You climb upwards.
There is a stone staircase leading down here.
Unknown command.
You closely miss the orc warrior.
The orc warrior is moderately wounded.
The orc warrior hits you but does no damage.
You block the orc warrior's attack.
You hit the orc warrior. You burn the orc warrior.
Your headbutt misses the orc warrior.
The orc warrior is heavily wounded.
The orc warrior hits you with a +0 war axe!
You barely miss the orc warrior. Your headbutt misses the orc warrior.
The orc warrior is heavily wounded.
The orc warrior hits you with a +0 war axe.
You block the orc warrior's attack.
You hit the orc warrior but do no damage.
The orc warrior is heavily wounded.
The orc warrior hits you with a +0 war axe!
* * * LOW HITPOINT WARNING * * *
You hit the orc warrior. You burn the orc warrior.
The orc warrior is heavily wounded.
The orc warrior hits you with a +0 war axe.
* * * LOW HITPOINT WARNING * * *
You hit the orc warrior but do no damage.
Your headbutt misses the orc warrior.
The orc warrior is heavily wounded.
The orc warrior hits you with a +0 war axe.
* * * LOW HITPOINT WARNING * * *
You hit the orc warrior. You burn the orc warrior.
The orc warrior is severely wounded.
The orc warrior hits you with a +0 war axe!
You die...

###..##'#.......#####.#
#.....................#
###
#...............#####.#
..# #...............# #.#
..########...............#
###
..................####+###
..########........# #.#
..# #).....).# #.# ..#
#.....o@.# #.# ..#
#.....)..# #.# ..#
#......[.####.## ..#
#####..........# ..#
#########..# ..# #..# ..#
#..# ### #..# ###### #..#
#.....


You could see an orc warrior.

Vanquished Creatures
  An orc priest (D:2)
  4 adders
  2 dart slugs (D:1)
  An orc (D:2)
  7 bats
  3 endoplasms
  A giant cockroach (D:1)
  A goblin (D:2)
  3 hobgoblins
  3 jackals (D:3)
  3 ball pythons
  2 frilled lizards (D:2)
  6 kobolds
37 creatures vanquished.

Notes
Turn   | Place    | Note
-------+----------+-------------------------------------------
     0 | D:1      | Peloso the Minotaur Fighter began the quest for the Orb.
     0 | D:1      | Reached XP level 1. HP: 19/19 MP: 0/0
   109 | D:1      | Reached XP level 2. HP: 26/27 MP: 1/1
   133 | D:1      | Found a faded altar of an unknown god.
   625 | D:2      | Reached XP level 3. HP: 32/33 MP: 2/2
  1245 | D:3      | Reached XP level 4. HP: 40/40 MP: 3/3
  1288 | D:3      | Noticed an orc warrior
  1415 | D:2      | Slain by an orc warrior

Illustrated notes

Levels and vault maps discovered:
D:1:      wander_arrival_estate, layout_rooms, hellmonk_ecumenical_altar_run_dry
D:2:      layout_basic, kennysheep_nub
D:3:      layout_basic, mainiacjoe_overflow_concentric_impassable,
          nicolae_overflow_ecumenical_swirl, lemuel_crystal_altar,
          gammafunk_temple_overflow_forgotten, kennysheep_generic_room_16

Skill      XL: |  1  2  3  4 |
---------------+-------------+-----
Fighting       | 4 |  4.1
Long Blades    | 3 4 |  4.0
Armour         | 4 |  4.5
Shields        | 4 |  4.3
Polearms       | |  0.4
Dodging        | |  0.3
Stealth        | |  0.1

Action                   |  1- 3 |  4- 6 || total
-------------------------+-------+-------++-------
Melee: Long sword        |    57 |       ||    57
       Headbutt          |     9 |     2 ||    11
       Demon trident     |     5 |    18 ||    23
Armor: Scale mail        |    34 |       ||    34
       Chain mail        |    20 |     8 ||    28
Dodge: Dodged            |    25 |     3 ||    28
Block: Buckler           |    12 |     5 ||    17
